Match 44870969
Unlisted

Match 44870969
End
Construct Section Command Post
Vickers Machine Gun Team
Selects Heavy Armor Battlegroup
Infantry Section
Royal Engineer Section
Construct Field Infirmary
Construct Platoon Command Post
Selects Engineer Detachments
Humber Armored Car
Royal Engineer Section
Infantry Section
Grenade Package
Construct Company Command Post
Unlock Bishop Self-propelled Artillery
Infantry Section
Selects Forward Repair Assembly
Bishop Self-propelled Artillery
Bishop Self-propelled Artillery
Light Vehicle Training
6-pounder Anti-tank Gun Team
6-pounder Anti-tank Gun Team
Selects Churchill Black Prince Heavy Tank
Churchill Black Prince Heavy Tank
Royal Engineer Section
Royal Engineer Section
Bishop Self-propelled Artillery
Selects Light Vehicle Withdraw and Refit
Selects Radio Net
Vickers Machine Gun Team
Radio Net
Crusader II Medium Tank
6-pounder Anti-tank Gun Team
Royal Engineer Section
Selects Recon Artillery
Recon Artillery
CMP 15cwt Truck
Recon Artillery
Recon Artillery
Foot Guards Section
Foot Guards Section
V50DOO
ghey fish
Torchb737
Boop
[AIMA] Dracklor
Gatom
0
0

Comments sign in to comment!

No comments posted yet!